 Dungeon Crawl Stone Soup version 0.25.0-9-g26727b657a (webtiles) character file.

Game seed: 158900547242490766

1057 nihilominus the Chopper (level 8, -1/73 HPs)
             Began as a Deep Dwarf Fighter on June 18, 2020.
             Was an Initiate of Makhleb.
             Killed from afar by Sigmund (4 damage)
             ... with a magic dart
             ... on level 5 of the Dungeon.
             The game lasted 00:13:22 (3837 turns).

nihilominus the Chopper (Deep Dwarf Fighter)        Turns: 3837, Time: 00:13:22

Health: -1/73      AC:  8    Str: 20    XL:     8   Next: 6%
Magic:  1/1        EV: 10    Int:  9    God:    Makhleb [......]
Gold:   216        SH: 12    Dex: 14    Spells: 7/7 levels left

rFire    . . .     SeeInvis .   a - +1 war axe
rCold    + . .     Gourm    .   j - +2 kite shield
rNeg     . . .     Faith    .   b - +0 scale mail
rPois    .         Spirit   .   (no helmet)
rElec    .         Reflect  .   (no cloak)
rCorr    +         Harm     .   q - +0 pair of gloves
MR       +....                  (no boots)
Stlth    ..........             (no amulet)
HPRegen  0.00/turn              e - ring of protection from cold
MPRegen  0.07/turn              p - ring of resist corrosion

@: non-regenerating
A: damage resistance, heal wounds, sense surroundings 1, no regeneration
a: Heal Wounds, Renounce Religion


You were on level 5 of the Dungeon.
You worshipped Makhleb.
Makhleb was noncommittal.
You were full.

You visited 2 branches of the dungeon, and saw 6 of its levels.

You collected 216 gold pieces.

Inventory:

Hand Weapons
 a - a +1 war axe (weapon)
Armour
 b - a +0 scale mail (worn)
 j - a +2 kite shield (worn)
 q - a +0 pair of gloves (worn)
Jewellery
 e - a ring of protection from cold (left hand)
 n - an uncursed ring of flight
 p - a ring of resist corrosion (right hand)
Wands
 h - a wand of flame (10)
 l - a wand of digging (6)
Scrolls
 m - a scroll of enchant weapon
 o - 2 scrolls of identify
 s - a scroll of amnesia {unknown}
 t - a scroll of immolation
Potions
 c - a potion of cancellation {unknown}
 d - a potion of might
 g - 2 potions of degeneration {unknown}
 i - a potion of magic {unknown}
 k - a potion of ambrosia {unknown}
 r - a potion of invisibility {unknown}
Comestibles
 f - 2 rations


   Skills:
 + Level 4.3 Fighting
 * Level 6.3 Axes
 + Level 5.3 Armour
 + Level 3.9 Dodging
 + Level 5.3 Shields


You had 7 spell levels left.
You didn't know any spells.
Your spell library was empty.

Dungeon Overview and Level Annotations

Branches:
Dungeon (5/15)             Temple (1/1) D:4

Altars:
Ashenzari
Cheibriados
Elyvilon
Fedhas
Gozag
Kikubaaqudgha
Makhleb
Nemelex Xobeh
Qazlal
Ru
Sif Muna
Trog
Uskayaw
Vehumet
Wu Jian
Xom
Zin
The Shining One

Annotations:
D:5 Sigmund


Innate Abilities, Weirdness & Mutations

You are resistant to damage.
You can heal yourself by infusing magical energy.
You passively map a small area around you.
You do not regenerate.


Message History

You block the hound's attack.
You slash the hound!
The hound is severely wounded.
The hound bites you but does no damage. The hound barely misses you.
You barely miss the hound.
The hound is severely wounded.
Something hits you!
* * * LOW HITPOINT WARNING * * *
The hound barely misses you. The hound bites you.
You closely miss the hound.
The hound is severely wounded.
The hound bites you but does no damage. Something hits you.
The hound bites you but does no damage.
Unknown command.
You hit the hound.
You kill the hound!
Makhleb accepts your kill.
A magic dart appears from out of thin air!
The magic dart hits you.
You die...

,. #..##.......##.#..# ,
#.,#...#......<......# ######
#.###.##.......##...#####.##.##
#...................###.......#
.##.....####.#..........#....<...
.###...>.# #####......###.......#
.#(..##.#####..#.......#.......##
.....##...##......###.#.......##
..........#...#.@####....#.#.##
.............##.†###..#..#####
............)#..{.##......#
().......(.((...#.##..##.##
.###........#..##.##..#.... .#
#.......######......#..... .#
#.........###..##...#.#...,
###...............##....# #.. #
##..#.................. *


There were no monsters in sight!

Vanquished Creatures
  Grinder (D:4)
  Duvessa (D:4)
  A phantom (D:4)
  A centaur (D:5)
  Dowan (D:4)
  A scorpion (D:4)
  A quasit (D:5)
  2 hounds
  2 orc wizards (D:4)
  3 orc priests
  3 worker ants (D:4)
  Ijyb (D:4)
  A howler monkey skeleton (D:4)
  7 adders
  An ooze (D:2)
  An adder skeleton (D:5)
  2 worms
  3 dart slugs
  2 leopard geckos
  6 orcs
  2 giant cockroaches
  7 goblins
  4 hobgoblins
  11 jackals
  A quokka (D:2)
  7 bats
  5 frilled lizards
  A jackal skeleton (D:4)
  5 kobolds
  A quokka skeleton (D:4)
  5 rats
90 creatures vanquished.

Vanquished Creatures (others)
  An orc wizard (D:4)
1 creature vanquished.

Grand Total: 91 creatures vanquished

Notes
Turn   | Place    | Note
-------+----------+-------------------------------------------
     0 | D:1      | nihilominus the Deep Dwarf Fighter began the quest for the
                  | Orb.
     0 | D:1      | Reached XP level 1. HP: 20/20 MP: 1/1
    67 | D:1      | Reached XP level 2. HP: 21/27 MP: 2/2
   741 | D:2      | Reached XP level 3. HP: 23/33 MP: 3/3
   768 | D:2      | Reached skill level 1 in Dodging
   873 | D:2      | Reached skill level 3 in Axes
   976 | D:2      | Found an ornate altar of the Wu Jian Council.
  1316 | D:2      | Reached XP level 4. HP: 21/42 MP: 4/4
  1483 | D:3      | Found a sacrificial altar of Ru.
  1483 | D:3      | Found a white marble altar of Elyvilon.
  1486 | D:3      | Found a sparkling altar of Nemelex Xobeh.
  1487 | D:3      | Found a snail-covered altar of Cheibriados.
  1821 | D:3      | Found a faded altar of an unknown god.
  2288 | D:4      | Noticed an ice beast
  2353 | D:4      | Noticed Dowan
  2353 | D:4      | Noticed Duvessa
  2366 | D:4      | Killed Dowan
  2366 | D:4      | Reached XP level 5. HP: 34/49 MP: 5/5
  2369 | D:4      | Noticed Grinder
  2390 | D:4      | HP: 2/49 [Grinder/nerve-wracking pain (10)]
  2392 | D:4      | Killed Duvessa
  2392 | D:4      | Reached skill level 4 in Axes
  2392 | D:4      | Reached XP level 6. HP: 31/56 MP: 5/5
  2404 | D:4      | Killed Grinder
  2431 | D:4      | Reached skill level 5 in Axes
  2502 | D:4      | Reached XP level 7. HP: 34/63 MP: 6/6
  2777 | D:4      | Reached skill level 5 in Armour
  2829 | D:4      | Noticed Ijyb
  2840 | D:4      | Killed Ijyb
  2861 | D:4      | Found a staircase to the Ecumenical Temple.
  2868 | D:4      | Reached skill level 5 in Shields
  2879 | Temple   | Entered the Ecumenical Temple
  2938 | Temple   | Became a worshipper of Makhleb the Destroyer
  3286 | D:5      | Entered Level 5 of the Dungeon
  3350 | D:5      | Noticed Sigmund
  3388 | D:5      | Reached skill level 6 in Axes
  3830 | D:5      | Reached XP level 8. HP: 10/72 MP: 1/1
  3835 | D:5      | HP: 3/72 [something (7)]
  3837 | D:5      | Killed from afar by Sigmund

Illustrated notes

Levels and vault maps discovered:
D:1:      lightli_arrival_statuegarden, layout_loops_ring
D:2:      layout_loops_ring, lemuel_round_altar
D:3:      layout_loops_cross, chequers_temple_overflow_statue_of_worship,
          first_ration, chequers_ecumenical_altar_simple_redux,
          kennysheep_pointless_box
D:4:      layout_loops_ring, minmay_temple_entry_junction_2,
          lightli_corner_chamber, uniq_ijyb, uniq_duvessa, uniq_grinder
D:5:      layout_cave_pools, uniq_sigmund
Temple:   regret_index_temple_waves

Skill      XL: |  1  2  3  4  5  6  7 |
---------------+----------------------+-----
Dodging        | 1 2 3 |  3.9
Axes           | 3 4 5 6 |  6.3
Fighting       | 3 4 |  4.3
Armour         | 4 5 |  5.3
Shields        | 4 5 |  5.3

Action                   |  1- 3 |  4- 6 |  7- 9 || total
-------------------------+-------+-------+-------++-------
Melee: War axe           |   116 |    96 |   123 ||   335
 Abil: Heal Wounds       |       |     8 |    11 ||    19
Evoke: Wand              |       |     1 |       ||     1
  Use: Scroll            |       |     6 |     2 ||     8
  Eat: Chunk             |     1 |       |       ||     1
       Ration            |       |     2 |     2 ||     4
Armor: Scale mail        |    67 |    48 |    68 ||   183
Dodge: Dodged            |    55 |    36 |    60 ||   151
Block: Kite shield       |    71 |    81 |   123 ||   275
